 Dungeon Crawl Stone Soup version 0.32-a0-468-g38b2580584 (webtiles) character file.

Game seed: 316763754760536891

46 ezpacito the Trooper (level 3, -7/29 HPs)
             Began as a Demonspawn Chaos Knight on Feb 24, 2024.
             Was a Plaything of Xom.
             Mangled by a gnoll
             ... wielding a +0 whip
              (8 damage)
             ... on level 2 of the Dungeon.
             The game lasted 00:01:22 (867 turns).

ezpacito the Trooper (Demonspawn Chaos Knight)       Turns: 867, Time: 00:01:22

Health: -7/29      AC:  5    Str: 14    XL:     3   Next: 44%
Magic:  3/3        EV: 11    Int: 12    God:    Xom [..*...]
Gold:   33         SH:  4    Dex: 12    Spells: 0/2 levels left

rFire   . . .        a - +0 hand axe (chaos)
rCold   . . .        (no shield)
rNeg    . . .        b - +2 leather armour
rPois   .            (no helmet)
rElec   .            (no cloak)
rCorr   +            (no gloves)
SInv    .            (no boots)
Will    .....        (no amulet)
Stlth   +            h - ring of resist corrosion
HPRegen 0.24/turn    (no ring)
MPRegen 0.08/turn

%: no passive effects
@: brilliant
A: condensation shield
a: Renounce Religion


You were on level 2 of the Dungeon.
You worshipped Xom.
You were a toy of Xom.
You visited 1 branch of the dungeon, and saw 2 of its levels.

You collected 33 gold pieces.

Inventory:

Hand Weapons
 a - a +0 hand axe of chaos (weapon)
Missiles
 i - 6 curare-tipped darts (quivered)
Armour
 b - a +2 leather armour (worn)
 e - a +0 scale mail
Jewellery
 h - a ring of resist corrosion (left hand)


   Skills:
 * Level 3.2 Fighting
 * Level 3.0 Axes
 + Level 0.1(1.7) Polearms
 * Level 2.2 Armour
 * Level 1.4 Dodging
 + Level 0.3 Stealth
 * Level 0.8 Unarmed Combat
 + Level 0.3 Spellcasting
 + Level 0.0 Necromancy


You couldn't memorise any spells.
You knew the following spells:

 Your Spells              Type           Power      Damage    Failure   Level
a - Sublimation of Blood  Necr           0%         N/A       52%         2

Your spell library contained the following spells:

 Spells                   Type           Power      Damage    Failure   Level
 Slow                     Hex            0%         N/A       36%         1
 Confusing Touch          Hex            0%         N/A       75%         3
 Sigil of Binding         Hex            0%         N/A       75%         3
 Vampiric Draining        Necr           0%         2d6       75%         3
 Petrify                  Alch/Erth      0%         N/A       98%         4
 Irradiate                Conj/Alch      0%         3d11      100%        5


Dungeon Overview and Level Annotations

Branches:
Dungeon (2/15)

Altars:
Fedhas


Innate Abilities, Weirdness & Mutations

A meltable shield of frost defends you. (SH +4)


Message History

"See what I see, my child!"
You detect creatures!
The gnoll barely misses you.
You barely miss the gnoll. You closely miss the gnoll.
You block the gnoll's attack. The gnoll hits you with a +0 flail.
You hit the gnoll but do no damage. x2; The gnoll hits you with a +0 spear.
The gnoll hits you with a +0 flail!
You barely miss the gnoll. You hit the gnoll. The gnoll barely misses you.
The gnoll misses you. The gnoll barely misses you.
You hit the gnoll. Lightning courses through the gnoll!
You kill the gnoll!
You closely miss the gnoll. The gnoll closely misses you.
Your Axes skill increases to level 3!
The gnoll hits you with a +0 flail.
The gnoll hits you from afar with a +0 halberd.
* * * LOW HITPOINT WARNING * * *
You see here a +0 spear.
The gnoll barely misses you. The gnoll completely misses you.
You closely miss the gnoll. You hit the gnoll.
The gnoll appears confused.
The gnoll barely misses you. The gnoll hits you with a +0 halberd.
* * * LOW HITPOINT WARNING * * *
You slash the gnoll!
The gnoll is heavily wounded.
You hit the gnoll.
The gnoll blinks!
The gnoll hits you with a +0 halberd.
* * * LOW HITPOINT WARNING * * *
Unknown command.
As you read the scroll labelled OCAXYSHURR, it crumbles to dust.
The creatures around you are filled with an inner flame!
It was a scroll of immolation.
You block the gnoll's attack.
It was a potion of brilliance.
You feel clever all of a sudden. The gnoll barely misses you.
As you read the scroll labelled OSONIR IKOOF, it crumbles to dust.
It is a scroll of identify.
You don't currently have any unidentified items.
You block the gnoll's attack. The gnoll misses you. The hobgoblin hits you.
* * * LOW HITPOINT WARNING * * *
The gnoll hits you with a +0 whip!
You die...
Xom howls with laughter!

..<.....# #........#
#.#####.# #.######.#### #.#
#.# #g# #....# ..#####.##
#.# #.##.#### #.#......#
#.# #........
#.#......###'######'....##~
g
#.#......#......g.....###≈≈
#.#.....[#....g.g.....~≈≈≈#
#.#......#...g..@....##≈≈≈≈
#.#......###.######+.# ≈#≈≈
#.#.>.........#####..# ≈ ≈
.........###.....!..b# ≈
........b...##...##...#
...#####.####ß...ß# ..# ###
#.# ##...##b... ... #...# b
...# #..b#


You could see 3 gnolls and a hobgoblin (inner flame).

Vanquished Creatures
  A gnoll (D:2)
  A dart slug (D:1)
  2 ball pythons (D:1)
  4 endoplasms
  5 goblins
  4 hobgoblins
  3 kobolds
  2 quokkas (D:1)
  3 bats
  4 rats (D:1)
29 creatures vanquished.

Notes
Turn   | Place    | Note
-------+----------+-------------------------------------------
     0 | D:1      | ezpacito the Demonspawn Chaos Knight began the quest for
                  | the Orb.
     0 | D:1      | Reached XP level 1. HP: 18/18 MP: 1/1
    15 | D:1      | Reached skill level 1 in Dodging
    57 | D:1      | Gained mutation: A meltable shield of frost defends you.
                  | (SH +4) [demonic ancestry]
    57 | D:1      | Reached XP level 2. HP: 24/24 MP: 2/2
   242 | D:1      | XOM: divination: detect items
   670 | D:1      | Reached XP level 3. HP: 29/29 MP: 3/3
   690 | D:1      | XOM: divination: magic mapping
   712 | D:2      | Found a blossoming altar of Fedhas.
   724 | D:2      | Learned a level 2 spell: Sublimation of Blood
   761 | D:2      | XOM: 1-stop teleportation journey
   819 | D:2      | XOM: cast spell 'Cause Fear'
   822 | D:2      | XOM: divination: detect items
   852 | D:2      | XOM: divination: detect creatures
   866 | D:2      | HP: 1/29 [hobgoblin (2)]
   867 | D:2      | Mangled by a gnoll

Illustrated notes

Levels and vault maps discovered:
D:1:      lemuel_arrival_cross, layout_rooms
D:2:      kennysheep_six_static_rooms, layout_basic, basic_altar,
          amethyst_killhole, corexii_hall_statues_x,
          wad_floor_pattern_untrapped, chequers_serial_rivers_small_b,
          minivault_4, uniq_crazy_yiuf_cottage, uniq_natasha

Skill      XL: |  1  2  3 |
---------------+----------+-----
Dodging        | 1 |  1.4
Armour         | 2 |  2.2
Axes           | 3 |  3.0
Fighting       | |  3.2
Polearms       | |  0.1
Stealth        | |  0.3
Unarmed Combat | |  0.8
Spellcasting   | |  0.3

Action                     || total
---------------------------++-------
  Melee: Hand axe          ||    98
    Use: Scroll            ||     3
         Potion            ||     2
   Stab: Confused          ||     1
         Paralysed         ||     1
         Sleeping          ||     1
 Armour: Leather armour    ||    51
  Dodge: Dodged            ||    54
  Block: Other             ||    17

Table legend: (Time is in decaauts)
 A = Elapsed time spent in this place.
 B = Non-inter-level travel time spent in this place.
 C = Inter-level travel time spent in this place.
 D = Time resting spent in this place.
 E = Time spent auto-exploring this place.
 F = Levels seen in this place.
 G = Mean time per level.
                   A        B        C        D        E       F      G
               +--------+--------+--------+--------+--------+-----+--------+
         Total |    881 |    844 |     37 |      0 |    589 |   2 |  440.5 |
       Dungeon |    881 |    844 |     37 |      0 |    589 |   2 |  440.5 |
               +--------+--------+--------+--------+--------+-----+--------+

Top non-repeatable levels by time:
     D:1: 724 daAuts
     D:2: 157 daAuts
